 Dungeon Crawl Stone Soup version 0.31-a0-986-g5e6e4ef867 (webtiles) character file.

Game seed: 12672126350932713817

41411 octoduck the Champion of Chaos (level 14, -10/130 HPs)
             Began as a Hill Orc Monk on Nov 21, 2023.
             Was the Champion of Makhleb.
             Mangled by an ettin
             ... wielding a +0 dire flail
              (35 damage)
             ... on level 1 of the Orcish Mines on Nov 22, 2023.
             The game lasted 01:15:44 (25923 turns).

octoduck the Champion of Chaos (Hill Orc Monk)     Turns: 25923, Time: 01:15:45

Health: -10/130    AC: 23    Str: 19    XL:     14   Next: 15%
Magic:  26/26      EV: 11    Int: 10    God:    Makhleb [******]
Gold:   1826       SH: 11    Dex: 19    Spells: 13/13 levels left

rFire   + . .        b - +1 war axe (venom)
rCold   + . .        R - +1 kite shield {rC+}
rNeg    . . .        o - +7 ring mail of Noughts and Crosses {Will+}
rPois   .            T - +2 helmet
rElec   .            S - +1 cloak of the Eternal Void {rF+ SInv}
rCorr   .            g - +0 pair of gloves
SInv    +            Y - +0 pair of boots
Will    +++..        H - amulet of faith
Stlth   +            V - +6 ring of dexterity
HPRegen 0.41/turn    y - ring of willpower
MPRegen 0.20/turn

%: faith
@: no status effects
A: no striking features
a: Renounce Religion, Minor Destruction, Lesser Servant of Makhleb, Major
Destruction, Greater Servant of Makhleb


You were on level 1 of the Orcish Mines.
You worshipped Makhleb.
Makhleb was exalted by your worship.
You visited 3 branches of the dungeon, and saw 17 of its levels.
You also visited: Sewer and Ice Cave.

You collected 1826 gold pieces.

Inventory:

Hand Weapons
 b - a +1 war axe of venom (weapon)
 C - a +2 war axe of flaming
Missiles
 e - 2 datura-tipped darts
 f - 2 throwing nets
 i - 8 javelins
 j - 13 boomerangs
 n - 84 poisoned darts
 p - 5 atropa-tipped darts
 F - 3 silver javelins
Armour
 g - a +0 pair of gloves (worn)
 o - the +7 ring mail of Noughts and Crosses (worn) {Will+}
   (You found it on level 3 of the Dungeon)

   Will+:     It increases your willpower.
 K - a +0 helmet of see invisible
 R - a +1 kite shield of cold resistance (worn)
 S - the +1 cloak of the Eternal Void (worn) {rF+ SInv}
   (You found it on level 10 of the Dungeon)

   rF+:       It protects you from fire.
   SInv:      It lets you see invisible.
 T - a +2 helmet (worn)
 Y - a +0 pair of boots (worn)
Jewellery
 d - a ring of willpower
 y - a ring of willpower (right hand)
 H - an amulet of faith (around neck)
 O - a +6 ring of dexterity
 V - a +6 ring of dexterity (left hand)
 W - a ring of see invisible
Wands
 c - a wand of quicksilver (13)
 v - a wand of flame (15)
 x - a wand of iceblast (7)
 E - a wand of digging (7)
 P - a wand of mindburst (18)
 U - a wand of charming (5)
Scrolls
 k - 5 scrolls of enchant weapon
 r - 3 scrolls of fog
 s - 9 scrolls of teleportation
 z - 2 scrolls of revelation
 G - 2 scrolls of silence
 J - 3 scrolls of amnesia
 L - 2 scrolls of enchant armour
 X - a scroll of torment
Potions
 h - 2 potions of attraction
 l - 7 potions of haste
 m - a potion of enlightenment
 q - a potion of might
 t - a potion of resistance {unknown}
 u - 2 potions of cancellation
 w - 2 potions of brilliance {unknown}
 A - 4 potions of magic
 B - 5 potions of mutation
 I - 2 potions of heal wounds
 Q - 6 potions of curing
Miscellaneous
 Z - a phantom mirror


   Skills:
 - Level 13.8 Fighting
 - Level 16.0 Axes
 - Level 11.8 Armour
 - Level 2.4 Dodging
 * Level 5.4 Shields
 - Level 16.4 Invocations
 + Level 3.4 Evocations


You had 13 spell levels left.
You didn't know any spells.
Your spell library contained the following spells:

 Spells                   Type           Power      Damage    Failure   Level
 Sandblast                Erth           0%         2d4       80%         1
 Sting                    Tmut/Pois      0%         1d3       80%         1
 Passwall                 Tmut/Erth      0%         N/A       90%         2
 Static Discharge         Conj/Air       0%         3-3/arc   90%         2
 Wereblood                Tmut           0%         N/A       90%         2
 Hailstorm                Conj/Ice       0%         3d3       99%         3
 Ignite Poison            Fire/Tmut/Pois 0%         N/A       99%         3
 Stone Arrow              Conj/Erth      0%         3d7       99%         3
 Airstrike                Air            0%         2d(0-16)  100%        4
 Brom's Barrelling Bould  Conj/Erth      0%         2d3       100%        4
 Manifold Assault         Tloc           0%         N/A       100%        4
 Summon Ice Beast         Ice/Summ       0%         N/A       100%        4
 Summon Lightning Spire   Summ/Air       0%         N/A       100%        4
 Irradiate                Conj/Tmut      0%         3d11      100%        5
 Dispersal                Tloc           0%         N/A       100%        6
 Eringya's Noxious Bog    Tmut/Pois      0%         4d6       100%        6
 Simulacrum               Ice/Necr       0%         N/A       100%        6
 Disjunction              Tloc           0%         N/A       100%        8


Dungeon Overview and Level Annotations

Branches:
Dungeon (12/15)            Temple (0/1) D:6            Lair (4/5) D:10
  Swamp (0/4) Lair:3        Snake (0/4) Lair:3          Orc (1/2) D:11
  Sewer (visited)           IceCv (visited)
  Slime: Lair:4-5

Altars:
Cheibriados
Fedhas
Gozag
Makhleb
Ru
Sif Muna
Uskayaw
Vehumet
Zin

Shops:
D:7 :

Annotations:
D:6 Prince Ribbit
Lair:3 exclusion: oklob plant
Lair:4 2 transporters, Quschim's ghost, journeyman MiBe


Message History

You hit the orc warrior but do no damage.
The orc warrior is poisoned.
The orc throws a boomerang.
The boomerang closely misses you.
You slash the ettin!
The ettin is poisoned.
The ettin is lightly wounded.
You hit the ettin but do no damage.
The ettin looks as sick as possible!
The ettin is moderately wounded.
You slash the ogre!
The ogre is poisoned.
You hit the orc warrior but do no damage.
The ettin misses you.
The ettin hits you with a +0 dire flail!!
You block the ogre's attack.
A demon appears!
You slash the ettin!
The ettin is severely wounded.
You slash the ogre!
The ogre looks as sick as possible!
You slash the orc!
You kill the orc!
Makhleb accepts your kill.
You feel better. The ogre hits you with a +0 giant club.
The ettin hits you with a +0 dire flail!!
The ettin hits you with a +0 dire flail!
You swap places.
You kill the ogre!
Makhleb accepts your kill.
You feel better.
Your hellwing barely misses the ettin.
Your hellwing hits the ettin. The ettin attacks as it pursues you!
You block the ettin's attack.
The ettin hits you with a +0 dire flail.
The orc warrior hits your hellwing with a +0 short sword!
You hit the ettin.
The ettin looks as sick as possible!
The ettin is severely wounded.
Your hellwing barely misses the ettin.
Your hellwing hits the ettin. You hit the ettin but do no damage.
The ettin looks as sick as possible!
The ettin is almost dead.
The ettin hits you with a +0 dire flail!
The ettin hits you with a +0 dire flail!!
* * * LOW HITPOINT WARNING * * *
Your hellwing hits the ettin. x2
The ettin hits you with a +0 dire flail!!
You die...

##...#..##....#
#.............##
##.............##
###.......##...##
#.......####.#.##
##......##.##...#
###..#..#......###
##..............#.##
###....@.............###
......oC4.........#...#.#
#$.....#).)...............
##....#...........#.......
##...##..#..........#....
#........................
.........#..........##..#
#..#......#..#...#.###...
........#...>...#.##..#


You could see an ettin (extremely poisoned, ally target), an orc warrior
(poisoned) and a friendly hellwing (summoned).

Vanquished Creatures
  An orc warlord (D:11)
  Fannar (Lair:1)
  3 hydras
  2 two-headed ogres
  3 death yaks
  A boulder beetle (Lair:3)
  A skyshark (Lair:4)
  2 bog bodies (IceCv)
  A deep elf pyromancer (D:8)
  11 cane toads
  A gargoyle (D:10)
  3 black mambas
  3 rime drakes
  A freezing wraith (IceCv)
  An ice devil (IceCv)
  9 komodo dragons
  An anaconda simulacrum (IceCv)
  3 trolls
  A polar bear (Lair:1)
  A hornet (D:8)
  Grinder (Sewer)
  A tyrant leech (Lair:3)
  12 blink frogs
  15 slime creatures (D:12)
  2 vampires (D:11)
  A shadow (D:9)
  4 wyverns
  20 yaks
  Grum (D:10)
  2 dire elephant simulacra (IceCv)
  A death yak simulacrum (IceCv)
  A steam dragon (D:9)
  7 vampire mosquitoes
  3 basilisks
  A warg (Orc:1)
  A swamp worm (Lair:3)
  3 nagas (Lair:3)
  3 acid dragons
  A hydra simulacrum (IceCv)
  9 water moccasins
  An ice beast (D:6)
  6 orc warriors
  3 black bears
  4 wolves
  4 ogres
  5 centaurs
  A phantom (D:6)
  8 kobold brigands
  A gnoll sergeant (D:5)
  10 bullfrogs
  A cane toad simulacrum (IceCv)
  3 scorpions
  8 two-headed ogre simulacra (IceCv)
  8 wights
  2 elephant simulacra (IceCv)
  16 killer bees
  6 howler monkeys
  A quasit (Sewer)
  2 sleepcaps
  4 hounds
  2 jellies (D:5)
  9 orc priests
  4 iguanas
  Ijyb (D:4)
  Natasha (thrice) (D:2)
  6 hell rats (Lair:4)
  15 orc wizards
  5 spriggan simulacra (IceCv)
  5 troll simulacra (IceCv)
  2 polar bear simulacra (IceCv)
  2 wolf simulacra (IceCv)
  Robin (D:2)
  8 adders
  3 gnolls (D:5)
  11 naga simulacra (IceCv)
  A river rat (D:10)
  4 shadow imps (Sewer)
  8 white imps
  6 ufetubi
  3 worms
  39 orcs
  8 ball pythons
  6 endoplasms
  4 giant cockroaches
  25 goblins
  7 hobgoblins
  17 jackals
  4 quokkas
  9 bats
  8 frilled lizards
  34 kobolds
  5 rats
498 creatures vanquished.

Vanquished Creatures (collateral kills)
  4 hydras
  An ice statue (IceCv)
  A yak (Lair:2)
  A swamp worm (Lair:3)
7 creatures vanquished.

Vanquished Creatures (others)
  A sleepcap (D:8)
  An adder zombie (Sewer)
  An endoplasm (Sewer)
3 creatures vanquished.

Grand Total: 508 creatures vanquished

Notes
Turn   | Place    | Note
-------+----------+-------------------------------------------
     0 | D:1      | octoduck the Hill Orc Monk began the quest for the Orb.
     0 | D:1      | Reached XP level 1. HP: 19/19 MP: 1/1
    65 | D:1      | Reached XP level 2. HP: 20/26 MP: 2/2
   415 | D:1      | Reached skill level 5 in Axes
   631 | D:1      | Reached XP level 3. HP: 27/31 MP: 3/3
  1333 | D:2      | Reached XP level 4. HP: 20/39 MP: 4/4
  1664 | D:2      | Noticed Robin
  1675 | D:2      | Killed Robin
  1865 | D:2      | Noticed Natasha
  1874 | D:2      | Killed Natasha
  1875 | D:2      | Reached XP level 5. HP: 36/45 MP: 5/5
  1914 | D:2      | Noticed Natasha
  1923 | D:2      | Killed Natasha
  2110 | D:2      | Noticed Natasha
  2120 | D:2      | Killed Natasha
  2585 | D:3      | Identified the +7 ring mail of Noughts and Crosses {Will+}
  2791 | D:3      | Found a burning altar of Makhleb.
  2800 | D:3      | Became a worshipper of Makhleb the Destroyer
  2800 | D:3      | Reached * piety under Makhleb
  2800 | D:3      | Reached ** piety under Makhleb
  2899 | D:3      | Reached XP level 6. HP: 52/52 MP: 6/6
  3398 | D:4      | Noticed Ijyb
  3443 | D:4      | Killed Ijyb
  4189 | D:4      | Found a shimmering blue altar of Sif Muna.
  4252 | D:5      | Entered Level 5 of the Dungeon
  4462 | D:5      | Reached XP level 7. HP: 60/60 MP: 7/7
  4557 | D:5      | Reached skill level 5 in Fighting
  4661 | D:5      | Reached skill level 10 in Axes
  4903 | D:5      | Reached *** piety under Makhleb
  5276 | D:6      | Reached XP level 8. HP: 70/70 MP: 8/8
  5317 | D:6      | Found a staircase to the Ecumenical Temple.
  5397 | D:6      | Found a glowing drain.
  5434 | Sewer    | Entered a sewer
  5591 | Sewer    | Found a burning altar of Makhleb.
  5614 | Sewer    | Noticed Grinder
  5657 | Sewer    | Killed Grinder
  6017 | D:6      | Reached XP level 9. HP: 59/80 MP: 9/9
  6864 | D:6      | Noticed Prince Ribbit
  7056 | D:7      | Found a glowing silver altar of Zin.
  7139 | D:7      | Found a blossoming altar of Fedhas.
  7311 | D:7      | Reached **** piety under Makhleb
  7679 | D:7      | Found Efuegof's Self-Published Books.
  8022 | D:7      | Found a sacrificial altar of Ru.
  8242 | D:7      | Found a snail-covered altar of Cheibriados.
  8533 | D:8      | Noticed a hornet
  8560 | D:8      | Killed a hornet
  8636 | D:8      | Reached skill level 15 in Axes
  8795 | D:8      | Noticed a deep elf pyromancer
  8837 | D:8      | Reached XP level 10. HP: 58/91 MP: 10/10
  9606 | D:8      | Reached skill level 10 in Fighting
 10396 | D:8      | Reached skill level 1 in Invocations
 10611 | D:9      | Reached skill level 1 in Armour
 11081 | D:9      | Reached ***** piety under Makhleb
 11444 | D:10     | Entered Level 10 of the Dungeon
 11444 | D:10     | Found an opulent altar of Gozag.
 11447 | D:10     | Noticed Grum
 11469 | D:9      | Reached skill level 5 in Invocations
 11789 | D:10     | Killed Grum
 11999 | D:10     | Noticed a death yak
 12000 | D:10     | Noticed a death yak
 12089 | D:10     | Noticed a gargoyle
 12403 | D:11     | Noticed a two-headed ogre
 12403 | D:11     | Found a staircase to the Orcish Mines.
 12493 | D:10     | Killed a gargoyle
 12696 | D:10     | Found a hide-covered altar of Uskayaw.
 12727 | D:10     | Found a radiant altar of Vehumet.
 12738 | D:10     | Identified the +1 cloak of the Eternal Void {rF+ SInv}
 12931 | D:8      | Reached XP level 11. HP: 96/99 MP: 16/16
 12950 | D:8      | Killed a deep elf pyromancer
 12951 | D:8      | Reached skill level 5 in Armour
 13211 | D:10     | Noticed a death yak
 13236 | D:9      | Killed a death yak
 13470 | D:9      | Killed a death yak
 13575 | D:10     | Killed a death yak
 13576 | D:10     | Reached skill level 10 in Invocations
 13628 | D:10     | Found a staircase to the Lair.
 13696 | IceCv    | Identified the "Ofiskem"
 13696 | Lair:1   | Entered Level 1 of the Lair of Beasts
 13704 | Lair:1   | Noticed Fannar
 13774 | Lair:1   | Killed Fannar
 14651 | Lair:1   | Noticed a five-headed hydra
 14666 | Lair:1   | Killed a five-headed hydra
 14944 | Lair:2   | Reached XP level 12. HP: 66/106 MP: 21/21
 15168 | Lair:2   | Noticed a four-headed hydra
 15197 | Lair:2   | Killed a four-headed hydra
 16090 | Lair:2   | Noticed a seven-headed hydra
 17371 | Lair:3   | Reached skill level 10 in Armour
 17430 | Lair:3   | Noticed a six-headed hydra
 17474 | Lair:3   | Reached XP level 13. HP: 72/118 MP: 24/24
 17625 | Lair:3   | Identified the +1 mace "Ushrenko" {elec, *Noise rC+ Str+8}
 17688 | Lair:3   | Reached skill level 15 in Invocations
 17715 | Lair:3   | Found a staircase to the Snake Pit.
 18103 | Lair:3   | Found a staircase to the Swamp.
 18107 | Lair:3   | Noticed a blizzard demon
 18581 | Lair:4   | Noticed Quschim's ghost (journeyman MiBe)
 18710 | Lair:4   | Found a transporter.
 18727 | Lair:4   | Found a transporter.
 21394 | Orc:1    | Entered Level 1 of the Orcish Mines
 21431 | Orc:1    | Noticed an orc warlord
 21623 | D:12     | Found a frozen archway.
 21628 | IceCv    | Entered an ice cave
 22848 | IceCv    | Identified the +2 robe of the Lizard {Int+2}
 23205 | IceCv    | Reached ****** piety under Makhleb
 24267 | D:12     | Reached skill level 1 in Shields
 24300 | D:12     | Reached skill level 1 in Evocations
 24605 | D:11     | Reached XP level 14. HP: 124/130 MP: 26/26
 25664 | D:11     | Killed an orc warlord
 25665 | D:11     | Reached skill level 5 in Shields
 25923 | Orc:1    | Mangled by an ettin

Illustrated notes

Levels and vault maps discovered:
D:1:      ncdulo_lavacross, layout_loops_cross,
          nicolae_concentric_dashed_squares_mild
D:2:      layout_basic, uniq_natasha, uniq_robin
D:3:      layout_loops_ring, mainiacjoe_overflow_alcove_2, serial_bayou_lake_a
D:4:      layout_basic, kennysheep_mini_moat, uniq_ijyb
D:5:      layout_loops_ring, minmay_ogre_servants
D:6:      layout_loops_ring, minmay_temple_entry_stoned_glass,
          cheibrodos_sewer_entry_sluice, uniq_prince_ribbit1
D:7:      layout_basic, fedhas_altar_2, mainiacjoe_overflow_24_doors,
          lemuel_coloured_pillars_altar, cheibrodos_worm_habitat,
          nicolae_custom_books, grunt_ministairs_4
D:8:      minmay_ornate_pinched, layout_loops_ring, minmay_misc_feat_enclosed,
          lemuel_flame_loot_1
D:9:      layout_loops_ring
D:10:     layout_rooms, vehumet_crystals, mainiacjoe_overflow_alcove_4,
          mainiacjoe_overflow_concentric_impassable, dpeg_lair_monsters,
          minmay_fractal_squares_gapless_5, uniq_grum
D:11:     layout_grid_maze, orc_0_dummy
D:12:     layout_cross, portal_ice_cave_entry_pillars_1
Lair:1:   layout_misc_corridors, serial_bayou_shore_b, lemuel_fruit_tree,
          uniq_fannar
Lair:2:   layout_chaotic_city, st_stairs_7, beast_lair_carwin_10
Lair:3:   minmay_lair_oklob_chamber, layout_big_grid, palyth_hydra_swamp_entry,
          guppyfry_snake_entry_garden, wad_woods_road_01
Lair:4:   layout_cave_pods, nzn_ghost_randoct
Orc:1:    layout_caves

Skill      XL: |  1  2  3  4  5  6  7  8  9 10 11 12 13 14 |
---------------+-------------------------------------------+-----
Axes           | 5 6 7 8 9 11 13 15 16 | 16.0
Fighting       | 4 6 7 9 10 12 13 | 13.8
Invocations    | 7 12 14 16 | 16.4
Armour         | 4 7 10 11 | 11.8
Shields        | 3 5 |  5.4
Evocations     | 2 3 |  3.4
Dodging        | |  2.4

Action                     |  1- 3 |  4- 6 |  7- 9 | 10-12 | 13-15 || total
---------------------------+-------+-------+-------+-------+-------++-------
  Melee: Hand axe          |   169 |   212 |   463 |   247 |       ||  1091
         Unarmed           |       |       |    17 |       |       ||    17
         War axe           |       |       |       |   416 |   572 ||   988
         Mace              |       |       |       |       |    11 ||    11
  Throw: Dart              |       |       |     1 |    17 |     1 ||    19
         Javelin           |       |       |     2 |    10 |     4 ||    16
 Invoke: Major Destruction |       |       |       |     8 |    10 ||    18
         Lesser Servant of |       |       |       |     6 |     3 ||     9
         Greater Servant o |       |       |       |     1 |     3 ||     4
Ability: Breathe Fire      |       |       |     1 |       |       ||     1
  Evoke: Wand              |       |     2 |     5 |     4 |    15 ||    26
    Use: Scroll            |     2 |     9 |     3 |    11 |     6 ||    31
         Potion            |       |     2 |     1 |     3 |     4 ||    10
   Stab: Invisible         |       |       |       |     2 |     6 ||     8
 Armour: Robe              |    89 |    12 |       |       |       ||   101
         Leather armour    |       |    29 |       |       |       ||    29
         Ring mail         |       |    72 |   259 |   420 |   453 ||  1204
         Skin              |       |       |    22 |     7 |       ||    29
  Dodge: Dodged            |   103 |    90 |   206 |   308 |   291 ||   998
  Block: Kite shield       |       |       |       |       |    83 ||    83
         Form:             |       |       |     1 |       |       ||     1
         Dragon            |       |       |     1 |       |       ||     1

Table legend: (Time is in decaauts)
 A = Elapsed time spent in this place.
 B = Non-inter-level travel time spent in this place.
 C = Inter-level travel time spent in this place.
 D = Time resting spent in this place.
 E = Time spent auto-exploring this place.
 F = Levels seen in this place.
 G = Mean time per level.
                   A        B        C        D        E       F      G
               +--------+--------+--------+--------+--------+-----+--------+
         Total |  25482 |  22894 |   2588 |   8051 |   8920 |  19 | 1341.2 |
       Dungeon |  15727 |  13846 |   1881 |   3961 |   6301 |  12 | 1310.6 |
          Lair |   6356 |   5665 |    691 |   2239 |   2224 |   4 | 1589.0 |
  Orcish Mines |    289 |    273 |     16 |      0 |    179 |   1 |  289.0 |
         Sewer |    539 |    539 |      0 |    159 |    182 |   1 |  539.0 |
      Ice Cave |   2569 |   2569 |      0 |   1691 |     32 |   1 | 2569.0 |
               +--------+--------+--------+--------+--------+-----+--------+

Top non-repeatable levels by time:
   IceCv: 2569 daAuts
  Lair:3: 2130 daAuts
     D:8: 1927 daAuts
     D:7: 1850 daAuts
     D:9: 1681 daAuts
    D:11: 1542 daAuts
  Lair:1: 1475 daAuts
  Lair:4: 1474 daAuts
     D:1: 1298 daAuts
  Lair:2: 1275 daAuts
    D:10: 1233 daAuts
    D:12: 1165 daAuts
     D:4: 1091 daAuts
     D:6: 1053 daAuts
     D:2: 1040 daAuts
